 Dungeon Crawl Stone Soup version 0.25-a0-699-g25a338df49 (webtiles) character file.

Game seed: 14139643340098456558, levelgen mode: deterministic

8148 FollowTheCloud the Transmogrifier (level 11, -2/94 HPs)
             Began as a Grey Draconian Transmuter on Apr 2, 2020.
             Was a Priest of Ru.
             Slain by a killer bee (7 damage)
             ... on level 10 of the Dungeon.
             The game lasted 00:36:09 (12788 turns).

FollowTheCloud the Transmogrifier (DrTm)           Turns: 12788, Time: 00:36:12

Health: -2/94      AC: 17    Str: 14    XL:     11   Next: 6%
Magic:  11/16      EV: 15    Int: 15    God:    Ru [***...]
Gold:   437        SH:  0    Dex: 12    Spells: 1/16 levels left

rFire    . . .     SeeInvis .     - Unarmed
rCold    . . .     Gourm    .   (shield currently unavailable)
rNeg     . . .     Faith    .   (armour unavailable)
rPois    +         Spirit   .   (helmet restricted)
rElec    .         Reflect  .   (no cloak)
rCorr    .         Harm     .   (gloves currently unavailable)
MR       .....                  (no boots)
Stlth    +.........             (no amulet)
HPRegen  0.25/turn              l - ring of poison resistance
MPRegen  0.15/turn              B - +5 ring of protection

@: blade hands, starving, slowed, very slow
A: walk through water, unfitting armour, unbreathing, cold-blooded, hated by
all, unskilled 1, AC +12
a: End Transformation, Draw Out Power, Renounce Religion


You were on level 10 of the Dungeon.
You worshipped Ru.
Ru was most pleased with you.
You were starving.
You had blades for hands.
You visited 2 branches of the dungeon, and saw 12 of its levels.
You also visited: Ossuary.

You collected 437 gold pieces.

Inventory:

Hand Weapons
 N - a +2 falchion of flaming
Missiles
 a - 215 arrows
Jewellery
 k - an uncursed ring of magical power {unknown}
 l - a ring of poison resistance (left scythe-like blade)
 n - an uncursed ring of positive energy {unknown}
 o - an uncursed ring of flight {unknown}
 p - an uncursed ring of stealth
 r - an uncursed ring of positive energy {unknown}
 v - a cursed -5 ring of strength {unknown}
 z - an uncursed ring of see invisible {unknown}
 B - a +5 ring of protection (right scythe-like blade)
 D - a +3 ring of intelligence {unknown}
 E - an uncursed amulet of regeneration {unknown}
Wands
 x - a wand of paralysis (6)
 P - a wand of polymorph (8)
Scrolls
 d - 14 scrolls of identify
 f - 3 scrolls of amnesia {unknown}
 h - a scroll of random uselessness {unknown}
 i - a scroll of enchant weapon {unknown}
 j - 8 scrolls of remove curse {unknown}
 u - 9 scrolls of teleportation {unknown}
 y - 2 scrolls of holy word {unknown}
 C - 2 scrolls of blinking {unknown}
 F - a scroll of vulnerability {unknown}
 G - 2 scrolls of noise {unknown}
 K - a scroll of immolation {unknown}
 M - a scroll of fog {unknown}
 O - a scroll of fear {unknown}
Potions
 b - 2 potions of berserk rage {unknown}
 e - 2 potions of stabbing {unknown}
 g - a potion of mutation {unknown}
 m - 6 potions of degeneration {unknown}
 q - 5 potions of haste {unknown}
 s - 6 potions of curing {unknown}
 t - 5 potions of might {unknown}
 w - 5 potions of brilliance {unknown}
 A - 2 potions of cancellation {unknown}
 H - a potion of heal wounds {unknown}
 I - 2 potions of magic {unknown}
 J - 2 potions of ambrosia {unknown}
 L - a potion of lignification {unknown}
Comestibles
 c - 30 rations


   Skills:
 + Level 8.0 Fighting
 + Level 6.8 Dodging
 + Level 7.8 Unarmed Combat
 - Level 3.4 Spellcasting
 * Level 9.0 Transmutations


You had one spell level left.
You knew the following spells:

 Your Spells              Type           Power        Failure   Level  Hunger
a - Beastly Appendage     Tmut           ####..       12%         1    None
b - Sticks to Snakes      Tmut           ####....     13%         2    ##.....
c - Spider Form           Tmut/Pois      ###.......   43%         3    ###....
d - Ice Form              Ice/Tmut       ###.....     73%         4    ####...
e - Blade Hands           Tmut           ####......   52%         5    ######.

Your spell library contained the following spells:

 Spells                   Type           Power        Failure   Level  Hunger
 Corona                   Hex            #......      61%         1    None
 Slow                     Hex            #.......     71%         2    ##.....
 Petrify                  Tmut/Erth      ###.....     73%         4    ####...
 Confusing Touch          Hex            #.......     87%         3    ###....
 Gell's Gravitas          Tloc           #.........   87%         3    ###....
 Inner Flame              Hex/Fire       #.......     87%         3    ###....
 Portal Projectile        Hex/Tloc       #.....       87%         3    ###....
 Yara's Violent Unravell  Hex/Tmut       ###.......   93%         5    ######.
 Cause Fear               Hex            #.........   99%         4    ####...
 Leda's Liquefaction      Hex/Erth       #.........   99%         4    ####...
 Metabolic Englaciation   Hex/Ice        #.........   100%        5    ######.


Dungeon Overview and Level Annotations

Branches:
Dungeon (11/15)            Temple (1/1) D:6         Ossuary (visited)
   Lair: D:8-11         Orc: D:9-12

Altars:
Ashenzari
Cheibriados
Dithmenos
Elyvilon
Fedhas
Gozag
Hepliaklqana
Kikubaaqudgha
Makhleb
Nemelex Xobeh
Okawaru
Qazlal
Ru
Sif Muna
Trog
Uskayaw
Vehumet
Wu Jian
Xom
Yredelemnul
Zin
The Shining One

Shops:
D:4 =   D:5 }

Annotations:
D:6 1 runed translucent door
D:11 3 runed translucent doors, Glundar's ghost, journeyman DsFi


Innate Abilities, Weirdness & Mutations

You can walk through water.
Your dull iron-grey scales are very hard. (AC +12)
You cannot fit into any form of body armour.
You can survive without breathing.
You are cold-blooded and may be slowed by cold attacks.
You are hated by all.
You are somewhat unskilled. (-1 Apt)


Message History

Beogh smites you!
* * * LOW HITPOINT WARNING * * *
You barely miss the hornet.
Your tail-slap misses the hornet.
The hornet is severely wounded.
The hornet barely misses you. The killer bee completely misses you.
The killer bee closely misses you.
The killer bee stings you but does no damage.
The killer bee stings you.
* * * LOW HITPOINT WARNING * * *
The hornet stings you!
* * * LOW HITPOINT WARNING * * *
You feel yourself slow down.
You slash the hornet!
You kill the hornet!
The killer bee stings you but does no damage. x2
The killer bee is stunned by your will and fails to attack.
The killer bee stings you but does no damage.
The killer bee is stunned by your will and fails to attack.
The killer bee stings you!
You die...

#........###..##..#
##........##..##..#
#............#####
##....##.....# #
#...###....o# ## ##.##
##..o.# ##. ###
##.yo## ##..
##oyy###### ##...
##oy@†....#### #....
##..#####......###.#..
##..## ##.....##.. ##
##..## ####..##.. .##
##..## ##.###. ..###
##..## #.# #.
#...####..## #.# #.
##...##..## #.####
##.....##### ####..# #


You could see 4 killer bees, an orc priest and 4 orcs.

Vanquished Creatures
  A hydra (D:8)
  A hornet (D:10)
  2 dream sheep (D:8)
  2 wraiths (D:9)
  Sigmund (D:3)
  2 yaks (D:8)
  2 hungry ghosts
  5 orc warriors
  A water moccasin (D:10)
  4 black bears
  2 sky beasts
  2 ice beasts
  2 phantoms
  2 ogres
  7 centaurs
  5 big kobolds
  3 bullfrogs
  A wyvern zombie (D:9)
  3 scorpions
  4 killer bees
  6 wights
  2 howler monkeys
  4 crimson imps
  3 centaur zombies
  6 bullfrog zombies
  7 hounds
  3 human zombies (D:9)
  A jelly (D:6)
  3 bullfrog skeletons
  3 orc priests
  11 orc wizards
  9 mummies (Ossuary)
  Jessica (D:3)
  Crazy Yiuf (D:6)
  4 iguanas
  12 worker ants
  A killer bee zombie (Ossuary)
  A human simulacrum (D:10)
  A hound zombie (Ossuary)
  3 hound skeletons
  A howler monkey zombie (D:6)
  A worker ant zombie (D:11)
  8 gnolls
  A howler monkey skeleton (D:10)
  13 adders
  5 shadow imps
  An ooze (D:1)
  6 adder zombies
  An adder skeleton (D:4)
  3 worms (D:2)
  A dart slug (D:1)
  4 leopard geckos
  46 orcs
  2 ball pythons
  10 giant cockroaches
  10 goblins
  12 hobgoblins
  4 jackals (D:1)
  5 quokkas
  5 bats
  10 frilled lizards
  A giant cockroach zombie (Ossuary)
  A jackal skeleton (D:6)
  3 jackal zombies (Ossuary)
  21 kobolds
  3 leopard gecko skeletons
  3 leopard gecko zombies
  6 rats
  A butterfly (D:6)
322 creatures vanquished.

Vanquished Creatures (collateral kills)
  A mummy (Ossuary)
  A gnoll (D:2)
  A leopard gecko zombie (Ossuary)
3 creatures vanquished.

Vanquished Creatures (others)
  A killer bee (D:10)
  An orc wizard (D:7)
  A human simulacrum (D:10)
  A withered plant (Ossuary)
4 creatures vanquished.

Grand Total: 329 creatures vanquished

Notes
Turn   | Place    | Note
-------+----------+-------------------------------------------
     0 | D:1      | FollowTheCloud the Draconian Transmuter began the quest for
                  | the Orb.
     0 | D:1      | Reached XP level 1. HP: 16/16 MP: 3/3
   104 | D:1      | Reached XP level 2. HP: 10/23 MP: 3/5
   869 | D:1      | Reached XP level 3. HP: 19/29 MP: 4/6
  1402 | D:1      | Learned a level 2 spell: Sticks to Snakes
  1406 | D:1      | Learned a level 3 spell: Spider Form
  1692 | D:2      | Reached XP level 4. HP: 33/36 MP: 4/7
  1879 | D:2      | Found a burning altar of Makhleb,
  1881 | D:2      | Noticed a balrug
  1885 | D:2      | Noticed a ynoxinul
  1885 | D:2      | Noticed a neqoxec
  2109 | D:3      | Reached skill level 3 in Transmutations
  2109 | D:3      | Reached XP level 5. HP: 32/42 MP: 4/9
  2650 | D:3      | Noticed Jessica
  2847 | D:3      | Killed Jessica
  3159 | D:3      | Found a blossoming altar of Fedhas,
  3315 | D:3      | Noticed Sigmund
  3327 | D:3      | Killed Sigmund
  3327 | D:3      | Reached XP level 6. HP: 51/51 MP: 7/10
  3734 | D:2      | Learned a level 4 spell: Ice Form
  4379 | D:4      | Your scales start taking on a dull iron-grey colour.
  4379 | D:4      | Reached XP level 7. HP: 36/57 MP: 9/12
  4379 | D:4      | Gained mutation: You can survive without breathing. [Grey
                  | Draconian growth]
  4568 | D:4      | Found Zutseom's Jewellery Shoppe,
  4645 | D:4      | Reached skill level 4 in Transmutations
  5277 | D:5      | Entered Level 5 of the Dungeon
  5395 | D:5      | Reached skill level 5 in Unarmed Combat
  5401 | D:5      | Found Xoky's Gadget Boutique,
  5920 | D:5      | Reached XP level 8. HP: 37/67 MP: 7/13
  6210 | D:6      | Found a runed translucent door,
  6228 | D:6      | Found a runed translucent door,
  6258 | D:6      | Reached skill level 5 in Fighting
  6283 | D:6      | Found a sand-covered staircase,
  6294 | D:6      | Reached skill level 5 in Transmutations
  6302 | Ossuary  | Entered an ossuary
  6787 | Ossuary  | Reached skill level 5 in Dodging
  7082 | D:6      | Found a staircase to the Ecumenical Temple,
  7133 | Temple   | Entered the Ecumenical Temple
  7259 | Temple   | Became a worshipper of Ru the Awakened
  7534 | D:6      | Reached XP level 9. HP: 39/75 MP: 11/14
  7545 | D:6      | Reached skill level 6 in Transmutations
  8083 | D:6      | Found a runed translucent door,
  8084 | D:6      | Noticed Crazy Yiuf
  8227 | D:6      | Killed Crazy Yiuf
  8435 | D:6      | Learned a level 5 spell: Blade Hands
  8923 | D:7      | Reached skill level 7 in Transmutations
  9227 | D:7      | Gained mutation: You are somewhat unskilled. (-1 Apt) [Ru
                  | sacrifice]
  9227 | D:7      | Reduced skill Dodging to level 5
  9227 | D:7      | Reduced skill Transmutations to level 6
  9227 | D:7      | Reached * piety under Ru
  9358 | D:7      | Found a hazy altar of Hepliaklqana,
  9528 | D:8      | Reached skill level 7 in Transmutations
  9808 | D:8      | Reached XP level 10. HP: 74/84 MP: 15/15
 10055 | D:8      | Found a bloodstained altar of Trog,
 10677 | D:8      | Noticed a two-headed hydra
 10728 | D:9      | Found a bloodstained altar of Trog,
 11054 | D:8      | Killed a one-headed hydra
 11054 | D:8      | Reached skill level 8 in Transmutations
 11321 | D:9      | Found a shattered altar of Ashenzari,
 11355 | D:9      | Gained mutation: You are hated by all. [Ru sacrifice]
 11355 | D:9      | Reached ** piety under Ru
 11355 | D:9      | Reached *** piety under Ru
 11514 | D:9      | Found a white marble altar of Elyvilon,
 11515 | D:9      | Found an ornate altar of the Wu Jian Council,
 11645 | D:9      | Found an ancient bone altar of Kikubaaqudgha,
 12110 | D:10     | Entered Level 10 of the Dungeon
 12454 | D:10     | Reached XP level 11. HP: 79/94 MP: 16/16
 12597 | D:10     | Reached skill level 9 in Transmutations
 12723 | D:11     | Found a runed translucent gate,
 12724 | D:11     | Found a runed translucent gate,
 12725 | D:11     | Found a runed translucent gate,
 12726 | D:11     | Noticed Glundar's ghost (journeyman DsFi)
 12787 | D:10     | HP: 4/94 [hornet (16)]
 12788 | D:10     | Slain by a killer bee

Levels and vault maps discovered:
D:1:      dpeg_arrival_tiny_a, layout_basic, serial_co_window_serial,
          co_window_paths_a, co_window_corner_a, co_window_corner_a,
          co_window_paths_b, co_window_corner_a, co_window_2corner,
          co_window_corner_ca, co_window_of_opportunity_b,
          co_window_unsneaky_path_c, co_window_cross_3, glass_columns_a
D:2:      layout_rooms, first_ration, makhleb_altar_promises_db
D:3:      layout_rooms, fedhas_altar_fruit_tree, minmay_box_of_dots,
          uniq_sigmund, uniq_jessica
D:4:      layout_basic, serial_shops, shop
D:5:      layout_basic, serial_shops, shop_fountains
D:6:      lemuel_insect_pit, layout_cave_pools, minmay_temple_entry_hall,
          nicolae_ossuary_entry_monument, uniq_crazy_yiuf_cottage
D:7:      layout_basic, marbit_many_paths, minmay_misc_feat_hallway
D:8:      layout_loops_ring, hangedman_ranch [blue_anna_fruit_fields],
          roderic_lattice_a, trog_ov_bears_minmay
D:9:      layout_big_octagon, gammafunk_temple_overflow_forgotten,
          kennysheep_little_box, lemuel_mausoleum_altar_kikubaaqudgha
D:10:     layout_cave_pods, lair_entry_dummy, special_room [special_room_orc],
          basic_altar, bh_circular_ruins
D:11:     layout_cave_pods, gammafunk_ghost_spectres, uniq_erica
Temple:   nicolae_temple_x_marks_the_god

Skill      XL: |  1  2  3  4  5  6  7  8  9 10 11 |
---------------+----------------------------------+-----
Dodging        | 2 3 4 5 5 6 |  6.8
Fighting       | 2 3 4 6 6 7 8 |  8.0
Transmutations | 3 4 5 7 8 9 |  9.0
Spellcasting   | 3 |  3.4
Unarmed Combat | 4 5 6 6 7 |  7.8

Action                   |  1- 3 |  4- 6 |  7- 9 | 10-12 || total
-------------------------+-------+-------+-------+-------++-------
Melee: Unarmed           |   158 |   173 |   647 |   388 ||  1366
       Headbutt          |    13 |     8 |    33 |    14 ||    68
       Tailslap          |     7 |    12 |    77 |    46 ||   142
       Kick              |     9 |    12 |    57 |    28 ||   106
       Punch             |       |     1 |    14 |    11 ||    26
       Falchion          |       |       |       |    10 ||    10
 Cast: Beastly Appendage |    25 |    22 |    47 |    24 ||   118
       Spider Form       |     1 |    10 |     9 |     8 ||    28
       Sticks to Snakes  |       |     1 |     3 |     2 ||     6
       Blade Hands       |       |       |     1 |     4 ||     5
Invok: Sacrifice Skill   |       |       |     1 |       ||     1
       Sacrifice Love    |       |       |       |     1 ||     1
 Abil: End Transformatio |       |       |     2 |     1 ||     3
Evoke: Wand              |       |       |       |     1 ||     1
  Use: Scroll            |       |       |       |     1 ||     1
 Stab: Sleeping          |     1 |       |     2 |       ||     3
       Distracted        |       |       |     2 |     2 ||     4
  Eat: Chunk             |     3 |    10 |    19 |     8 ||    40
       Ration            |       |       |     1 |     1 ||     2
Armor: Skin              |    43 |    65 |   216 |   192 ||   516
Dodge: Dodged            |    99 |   171 |   528 |   461 ||  1259
       Rpst.: Falchion   |       |       |       |     3 ||     3

Table legend:
 A = Non-vault XP
 B = Vault XP
 C = Vault XP percentage of total XP
 D = Non-vault monster count
 E = Vault monster count
 F = Vault count percentage of total count
                 A         B        C        D         E       F
            +---------+---------+-------+---------+---------+-------
      Total |    7042 |    4599 |  39.5 |     255 |      69 |  21.3
            +---------+---------+-------+---------+---------+-------
        D:1 |      52 |       0 |   0.0 |      26 |       0 |   0.0
        D:2 |     149 |       0 |   0.0 |      38 |       0 |   0.0
        D:3 |     164 |     250 |  60.4 |      17 |       3 |  15.0
        D:4 |     465 |       0 |   0.0 |      22 |       0 |   0.0
        D:5 |     278 |       0 |   0.0 |      17 |       0 |   0.0
        D:6 |    1389 |     371 |  21.1 |      30 |      10 |  25.0
        D:7 |    1123 |     124 |   9.9 |      26 |       1 |   3.7
        D:8 |    1096 |    2453 |  69.1 |      29 |      10 |  25.6
        D:9 |     898 |     614 |  40.6 |      26 |       6 |  18.8
       D:10 |    1221 |     179 |  12.8 |      13 |      10 |  43.5
       D:11 |     207 |       0 |   0.0 |      11 |       0 |   0.0
    Ossuary |       0 |     608 | 100.0 |       0 |      29 | 100.0
            +---------+---------+-------+---------+---------+-------
